 Dungeon Crawl Stone Soup version 0.21.1-1-g345015f (webtiles) character file.

445 kaesh the Shield-Bearer (level 7, 0/54 HPs)
             Began as a Formicid Fighter on July 14, 2018.
             Was an Initiate of Cheibriados.
             Slain by a black bear (7 damage)
             ... on level 4 of the Dungeon.
             The game lasted 00:07:13 (2746 turns).

kaesh the Shield-Bearer (Formicid Fighter)          Turns: 2746, Time: 00:07:14

Health: 0/54       AC:  8    Str: 23    XL:     7   Next: 23%
Magic:  16/16      EV:  9    Int:  9    God:    Cheibriados [......]
Gold:   184        SH: 11    Dex: 11    Spells: 6/6 levels left

rFire    . . .     SeeInvis +   a - +1 war axe
rCold    . . .     Gourm    .   c - +1 shield
rNeg     . . .     Faith    .   b - +0 scale mail
rPois    .         Spirit   .   (helmet unavailable)
rElec    .         Reflect  .   (no cloak)
rCorr    .         Harm     .   m - +0 pair of gloves
MR       +....                  (no boots)
Stlth    ..........             (no amulet)
HPRegen  0.18/turn              j - ring of protection from magic
MPRegen  0.15/turn              k - ring of magical power

@: very slow
A: permanent stasis, dig shafts and tunnels, four strong arms, antennae 3
a: Dig, Shaft Self, Bend Time, Renounce Religion


You were on level 4 of the Dungeon.
You worshipped Cheibriados.
Cheibriados was noncommittal.
You were not hungry.

You visited 2 branches of the dungeon, and saw 5 of its levels.

You collected 184 gold pieces.

Inventory:

Hand Weapons
 a - a +1 war axe (weapon)
Armour
 b - a +0 scale mail (worn)
 c - a +1 shield (worn)
 m - a +0 pair of gloves (worn)
Jewellery
 j - a ring of protection from magic (left hand)
 k - a ring of magical power (right hand)
Scrolls
 e - 2 scrolls of magic mapping
 g - 3 scrolls of remove curse
 n - a scroll of identify
Potions
 h - a potion of flight
 i - 3 potions of curing
 l - a potion of might
Comestibles
 f - 5 rations


   Skills:
 + Level 4.2 Fighting
 + Level 4.9 Axes
 + Level 4.7 Armour
 + Level 1.5 Dodging
 + Level 4.9 Shields


You had 6 spell levels left.
You didn't know any spells.

Dungeon Overview and Level Annotations

Branches:
Dungeon (4/15)             Temple (1/1) D:4

Altars:
Ashenzari
Cheibriados
Elyvilon
Kikubaaqudgha
Sif Muna
Uskayaw

Annotations:
D:4 Duvessa; dscm's ghost, amateur OpFi


Innate Abilities, Weirdness & Mutations

You cannot be hasted, slowed, berserked, paralysed or teleported.
You can dig through walls and to a lower floor.
Your four strong arms can wield two-handed weapons with a shield.
You have a pair of large antennae on your head. (SInv)


Message History

You block the iguana's attack. The black bear barely misses you.
The black bear claws you. The black bear closely misses you.
You block the iguana's attack.
You slash the black bear!
The black bear is severely wounded.
You closely miss the iguana. You block the black bear's attack.
The black bear claws you but does no damage.
The black bear misses you. The iguana bites you.
* * * LOW HITPOINT WARNING * * *
You hit the black bear.
The black bear is severely wounded.
You barely miss the iguana. You block the iguana's attack.
The black bear bites you.
* * * LOW HITPOINT WARNING * * *
You block the black bear's attack.
The black bear claws you but does no damage.
You barely miss the black bear.
The black bear is severely wounded.
You completely miss the iguana. The black bear bites you!
You die...

#..#.>.#...##
#.#.#.#.#..#..#
######..#.#.#...#..#
.........#.#....#..#
.#####.............#####
#....................
#.##................. #.
#..........l...### #
##.###....@h...... #.#
#.........### #.#.#
######....# #.#.#
########## #.#.#
######........# ###.#.#
#.............# #...#.#
#.####........# ...#.#
#.# #........# #.###.#.#
#.# #........#


You could see a black bear and an iguana.

Vanquished Creatures
  Sigmund (D:3)
  A phantom (D:3)
  The ghost of bohran the Magician, a weakling DEWz (D:3)
  A hound (D:4)
  Jessica (D:3)
  4 adders
  An ooze (D:2)
  3 worms
  A dart slug (D:3)
  A leopard gecko (D:2)
  2 orcs (D:3)
  3 giant cockroaches
  3 goblins
  5 hobgoblins
  8 jackals
  A quokka (D:3)
  6 bats
  8 frilled lizards
  6 kobolds
  3 rats
60 creatures vanquished.

Notes
Turn   | Place    | Note
-------+----------+-------------------------------------------
     0 | D:1      | kaesh the Formicid Fighter began the quest for the Orb.
     0 | D:1      | Reached XP level 1. HP: 18/18 MP: 1/1
   162 | D:1      | Reached XP level 2. HP: 18/24 MP: 2/2
   348 | D:1      | Found a shattered altar of Ashenzari.
   547 | D:2      | Reached XP level 3. HP: 24/29 MP: 3/3
   959 | D:2      | Reached XP level 4. HP: 36/36 MP: 4/4
  1485 | D:3      | Noticed Jessica
  1504 | D:3      | Killed Jessica
  1504 | D:3      | Reached XP level 5. HP: 30/42 MP: 5/5
  1678 | D:3      | Noticed Sigmund
  1685 | D:3      | Killed Sigmund
  1685 | D:3      | Reached skill level 1 in Dodging
  1685 | D:3      | Reached XP level 6. HP: 27/48 MP: 6/6
  1833 | D:3      | Noticed a phantom
  1875 | D:3      | Killed a phantom
  2115 | D:3      | You fall through a shaft!
  2216 | D:3      | Noticed bohran's ghost (weakling DEWz)
  2222 | D:3      | Killed bohran's ghost
  2222 | D:3      | Reached XP level 7. HP: 52/54 MP: 7/7
  2267 | D:3      | Found a deep blue altar of Sif Muna.
  2562 | D:4      | Noticed Duvessa
  2563 | D:4      | Noticed dscm's ghost (amateur OpFi)
  2679 | D:4      | Found a staircase to the Ecumenical Temple.
  2689 | Temple   | Entered the Ecumenical Temple
  2703 | Temple   | Became a worshipper of Cheibriados the Contemplative
  2746 | D:4      | Slain by a black bear

Skill      XL: |  1  2  3  4  5 |
---------------+----------------+-----
Shields        | 4 |  4.9
Axes           | 3 4 |  4.9
Armour         | 4 |  4.7
Fighting       | 4 |  4.2
Dodging        | 1 |  1.5

Action                   |  1- 3 |  4- 6 |  7- 9 || total
-------------------------+-------+-------+-------++-------
Melee: War axe           |    90 |   109 |    33 ||   232
  Use: Scroll            |     6 |     1 |     1 ||     8
       Potion            |     2 |     2 |       ||     4
 Stab: Invisible         |     1 |       |       ||     1
  Eat: Chunk             |       |     3 |       ||     3
       Ration            |       |       |     1 ||     1
Armor: Scale mail        |    40 |    36 |    15 ||    91
Dodge: Dodged            |    39 |    31 |    18 ||    88
Block: Shield            |    58 |    60 |    24 ||   142
